[Event "Team 45 45 League T69"]
[Site "Internet Chess Club"]
[Date "2016.07.19"]
[Round "6"]
[White "Heian"]
[Black "bobhill"]
[Result "0-1"]
[WhiteElo "1717"]
[BlackElo "1919"]
[Opening "Sicilian"]
[ECO "B50"]
[Time "18:04:30"]
[TimeControl "2700+45"]

1. e4 c5 2. Nf3 d6 3. Bc4 Nc6 4. c3 g6 5. h3 Bg7 6. d3 Nf6 7. Nbd2 O-O 8. Nf1 a6
9. Bb3 b5 10. N1h2 b4 11. Bd2 a5 12. Qc1 a4 13. Bc2 d5 14. e5 Ne8 15. d4 Qb6 16.
Be3 c4 17. Bh6 f6 18. exf6 exf6 19. Ng4 Ne7 20. Bxg7 Kxg7 21. Qh6+ Kg8 22. O-O
Bf5 23. Qd2 Bxc2 24. Qxc2 Nf5 25. Qd2 Ned6 26. Nh6+ Nxh6 27. Qxh6 Rae8 28. Rfe1
bxc3 29. bxc3 Qb2 30. Qd2 a3 31. Kf1 Ne4 32. Qxb2 axb2 33. Rab1 Rb8 34. Re3 Rb7
35. Ke2 Ra8 36. Nd2 Rxa2 37. Nxe4 dxe4 38. Kd2 f5 39. Kc2 Kf7 40. f3 exf3 41.
Rxf3 Re7 42. Rf2 Re1 43. Rxb2 Raa1 44. Rb7+ Kf6 45. Rb6+ Kg5 46. Kd2 Red1+ 47.
Ke2 Rd3 48. Rf3 Ra2+ 49. Ke1 Rdd2 50. Rb1 Rxg2 51. Rd1 Rh2 52. d5 Rh1+ 53. Rf1
Rxh3 54. d6 Re3# {White checkmated} 0-1

[Event "Team 45 45 League T69"]
[Site "Internet Chess Club"]
[Date "2016.07.15"]
[Round "6"]
[White "bss2005"]
[Black "JefferyChess"]
[Result "1/2-1/2"]
[WhiteElo "1928"]
[BlackElo "1955"]
[Opening "Ruy Lopez: Möller defense"]
[ECO "C78"]
[Time "18:00:33"]
[TimeControl "2700+45"]

1. e4 e5 2. Nf3 Nc6 3. Bb5 a6 4. Ba4 Nf6 5. O-O Bc5 6. c3 b5 7. Bc2 d5 8. d4
dxe4 9. Nxe5 Nxe5 10. dxe5 Qxd1 11. Rxd1 Ng4 12. Bxe4 Nxf2 13. Bc6+ Ke7 14. Rd5
Bb6 15. Bxa8 Nd3+ 16. Kh1 Nf2+ 17. Kg1 Nd3+ 18. Kh1 Nf2+ 19. Kg1 {Game drawn by
repetition} 1/2-1/2

[Event "Team 45 45 League T69"]
[Site "Internet Chess Club"]
[Date "2016.07.17"]
[Round "6"]
[White "TheRailgun"]
[Black "Knight8700"]
[Result "1/2-1/2"]
[WhiteElo "1898"]
[BlackElo "1935"]
[Opening "Ruy Lopez: Berlin defense, 4.O-O"]
[ECO "C65"]
[Time "18:00:54"]
[TimeControl "2700+45"]

1. e4 e5 2. Nf3 Nc6 3. Bb5 Nf6 4. O-O Be7 5. d3 d6 6. h3 O-O 7. Be3 Bd7 8. c4 a6
9. Bxc6 Bxc6 10. b4 Re8 11. Nc3 b5 12. Nd2 Qd7 13. Qc2 Bb7 14. Rac1 c6 15. Nb3
Rac8 16. c5 d5 17. Ne2 Rcd8 18. Na5 Bc8 19. Rfd1 d4 20. Bg5 h6 21. Bh4 g5 22.
Bg3 Bf8 23. a4 Qe6 24. axb5 axb5 25. Ra1 Bd7 26. Ra3 Nh5 27. Rda1 f5 28. exf5
Qxf5 29. Bh2 Qf6 30. Ng3 Nxg3 31. Bxg3 Bf5 32. f3 h5 33. Qf2 Rd7 34. Re1 Bh6 35.
Qe2 Rde7 36. Nb3 Bg7 37. Nd2 Qg6 38. Ne4 Bxe4 {Game drawn by mutual agreement}
1/2-1/2

[Event "Team 45 45 League T69"]
[Site "Internet Chess Club"]
[Date "2016.07.14"]
[Round "6"]
[White "charles-allen"]
[Black "gomeschess"]
[Result "0-1"]
[WhiteElo "1858"]
[BlackElo "2040"]
[Opening "Queen's pawn game"]
[ECO "D00"]
[Time "19:00:33"]
[TimeControl "2700+45"]

1. d4 Nf6 2. Nc3 d5 3. Bf4 g6 4. Nf3 Bg7 5. Qd2 O-O 6. Bh6 Nc6 7. Bxg7 Kxg7 8.
O-O-O a6 9. e3 b5 10. Be2 b4 11. Na4 Ne4 12. Qe1 a5 13. h4 Bg4 14. Ng5 Bxe2 15.
Qxe2 Qd6 16. Nxe4 dxe4 17. h5 e5 18. d5 Nb8 19. c4 Nd7 20. Rh4 Nf6 21. Kb1 Nxh5
22. Rxe4 f5 23. Rh4 Nf6 24. f3 e4 25. b3 Rfe8 26. f4 h5 27. Qb2 c5 28. Rhh1 Kf7
29. Qe2 Nd7 30. Nb2 Nb6 31. Kc2 a4 32. Ra1 axb3+ 33. axb3 Qf6 34. Qd2 Nxc4 35.
Nxc4 Rxa1 36. Rxa1 Qxa1 37. Nd6+ Ke7 38. Nxe8 Qa2+ 39. Kc1 Qxd2+ 40. Kxd2 Kxe8
41. Ke2 Kd7 42. Kd2 Kd6 43. Kc2 Kxd5 44. Kb2 c4 45. Kc2 cxb3+ 46. Kxb3 Kc5 47.
g3 Kb5 48. Kb2 Kc4 49. Kc2 b3+ 50. Kd2 Kb4 51. Kd1 Kc3 52. Kc1 Kd3 {White
resigns} 0-1

[Event "Team 45 45 League T69"]
[Site "Internet Chess Club"]
[Date "2016.07.17"]
[Round "6"]
[White "GrandUnified"]
[Black "zap2"]
[Result "1-0"]
[WhiteElo "1475"]
[BlackElo "1733"]
[Opening "Réti opening"]
[ECO "A04"]
[Time "10:07:25"]
[TimeControl "2700+45"]

1. Nf3 c5 2. g3 Nc6 3. Bg2 g6 4. O-O Bg7 5. d3 e6 6. e4 Nge7 7. Nbd2 O-O 8. c3
b5 9. a4 b4 10. c4 d5 11. Nb3 dxc4 12. dxc4 Ba6 13. Nfd2 Qd6 14. Qc2 Rac8 15.
Re1 Ne5 16. f4 Qd3 17. Qd1 Nd7 18. Bf1 Qd6 19. e5 Qc7 20. Ne4 Rfd8 21. Qc2 Nf5
22. Be3 Bb7 23. Bg2 h5 24. Bf2 Nd4 25. Nxd4 cxd4 26. Nd6 Bxg2 27. Kxg2 Qc6+ 28.
Kg1 Nc5 29. Nxc8 d3 30. Ne7+ Kh7 31. Nxc6 dxc2 32. Nxd8 Nd3 33. Nxf7 b3 34. Ng5+
Kg8 35. Nxe6 Nxb2 36. Nd4 Nd3 37. Nxb3 Bf8 38. e6 Bb4 39. e7 Bxe1 40. e8=Q+ Kg7
41. Bxe1 {Black resigns} 1-0

[Event "Team 45 45 League T69"]
[Site "Internet Chess Club"]
[Date "2016.07.14"]
[Round "6"]
[White "Portola"]
[Black "rayonline53"]
[Result "1-0"]
[WhiteElo "1777"]
[BlackElo "1329"]
[Opening "Queen's pawn game"]
[ECO "D00"]
[Time "13:00:50"]
[TimeControl "2700+45"]

1. d4 d5 2. c3 c6 3. Nf3 Nd7 4. Bf4 e6 5. e3 Be7 6. Nbd2 f5 7. h3 Ngf6 8. Be2
Ne4 9. Nxe4 fxe4 10. Ne5 O-O 11. O-O Nxe5 12. Bxe5 Bf6 13. Bg3 Bd7 14. Qb3 b5
15. a4 a6 16. axb5 axb5 17. Ra2 Rxa2 18. Qxa2 Qa8 19. Ra1 Qxa2 20. Rxa2 Kf7 21.
Ra7 Ke7 22. b3 Rc8 23. c4 bxc4 24. bxc4 Ke8 25. c5 g6 26. Ba6 {Black resigns}
1-0

[Event "Team 45 45 League T69"]
[Site "Internet Chess Club"]
[Date "2016.07.17"]
[Round "6"]
[White "WOLFSPELZ"]
[Black "bradleyguo175"]
[Result "1-0"]
[WhiteElo "1473"]
[BlackElo "1573"]
[Opening "Queen's pawn: London system"]
[ECO "A45"]
[Time "20:00:29"]
[TimeControl "2700+45"]

1. d4 Nf6 2. Bf4 d6 3. Nf3 g6 4. e3 Bg7 5. h3 O-O 6. Bc4 a6 7. a4 c5 8. c3 d5 9.
Ba2 c4 10. O-O Nc6 11. b3 b5 12. b4 Bf5 13. a5 Bd3 14. Re1 Ne4 15. Qc1 f6 16.
Nbd2 Nxd2 17. Nxd2 e5 18. Bh2 e4 19. Bb1 Rc8 20. Nf1 f5 21. Ng3 Qe7 22. Ne2 g5
23. Qd2 h5 24. Nc1 g4 25. Ne2 gxh3 26. gxh3 Qg5+ 27. Kh1 Qh4 28. Nf4 Rfd8 29.
Rg1 Kh7 30. Rg6 Bh6 31. Bg3 Qe7 32. Qd1 h4 33. Qh5 Qf8 34. Ne6 {Black resigns}
1-0

[Event "Team 45 45 League T69"]
[Site "Internet Chess Club"]
[Date "2016.07.19"]
[Round "6"]
[White "drsigmund1"]
[Black "Electryon"]
[Result "1-0"]
[WhiteElo "1471"]
[BlackElo "1425"]
[Opening "Queen's pawn"]
[ECO "A40"]
[Time "20:01:46"]
[TimeControl "2700+45"]

1. d4 e6 2. Bf4 f5 3. e3 Nf6 4. Be2 Be7 5. Bh5+ Nxh5 6. Qxh5+ g6 7. Qh3 d6 8.
Bh6 Bf6 9. f4 Qe7 10. Nf3 c5 11. c3 Nc6 12. Nbd2 Bd7 13. O-O-O O-O-O 14. dxc5
dxc5 15. Nc4 Be8 16. Nfe5 Nxe5 17. fxe5 Bg7 18. Rxd8+ Kxd8 19. Bxg7 Qxg7 20.
Rd1+ Kc7 21. e4 Bb5 22. Na3 Bc6 23. exf5 exf5 24. Qe3 Qe7 25. e6 Re8 26. Qe5+
Kc8 27. Rd6 Rd8 28. Nc4 Qg5+ 29. Kc2 Qe7 30. Rxd8+ Qxd8 31. Nd6+ Kb8 32. Nf7+
Qc7 33. Qh8+ Qc8 34. Qe5+ Qc7 35. Nd6 Qe7 36. Nxf5+ Qc7 37. Nd6 Qe7 38. Nb5+ Ka8
39. Nc7+ Kb8 40. Nd5+ {Black resigns} 1-0

[Event "Team 45 45 League T69"]
[Site "Internet Chess Club"]
[Date "2016.07.14"]
[Round "6"]
[White "Yedixon"]
[Black "kllrchris"]
[Result "1-0"]
[WhiteElo "1750"]
[BlackElo "1700"]
[Opening "Bird: From gambit"]
[ECO "A02"]
[Time "20:00:32"]
[TimeControl "2700+45"]

1. f4 e5 2. fxe5 d6 3. exd6 Bxd6 4. Nf3 Nf6 5. d4 Ng4 6. Qd3 O-O 7. Nc3 Nxh2 8.
Nxh2 Qh4+ 9. Kd1 Nc6 10. Nb5 Bg3 11. Be3 Rd8 12. c3 a6 13. Na3 Ne5 14. Qd2 f6
15. Kc2 Bf5+ 16. Kc1 b5 17. Bg1 a5 18. e3 b4 19. Nc4 bxc3 20. bxc3 Ng4 21. Be2
Be1 22. Qb2 Rab8 23. Qa3 Nxh2 24. Bxh2 Qe4 25. Kd1 Qh4 26. Rxe1 Qxh2 27. Qxa5
Qxg2 28. Qxf5 {Black resigns} 1-0

[Event "Team 45 45 League T69"]
[Site "Internet Chess Club"]
[Date "2016.07.14"]
[Round "6"]
[White "SimplyAbed"]
[Black "mongmong"]
[Result "1-0"]
[WhiteElo "1556"]
[BlackElo "1469"]
[Opening "French: exchange variation"]
[ECO "C01"]
[Time "18:00:34"]
[TimeControl "2700+45"]

1. e4 e6 2. d4 d5 3. exd5 exd5 4. Nf3 Nf6 5. Bd3 Be7 6. O-O O-O 7. Re1 Bg4 8. h3
Bh5 9. Bf4 Nbd7 10. Nbd2 c6 11. c3 Re8 12. Qb3 Bxf3 13. Nxf3 Qb6 14. Qc2 c5 15.
Ne5 c4 16. Nxd7 cxd3 17. Nxb6 dxc2 18. Nxa8 {Black resigns} 1-0

[Event "Team 45 45 League T69"]
[Site "Internet Chess Club"]
[Date "2016.07.14"]
[Round "6"]
[White "Ostap-Bender"]
[Black "Mitochondria"]
[Result "0-1"]
[WhiteElo "1353"]
[BlackElo "1576"]
[Opening "French: exchange variation"]
[ECO "C01"]
[Time "20:00:29"]
[TimeControl "2700+45"]

1. e4 e6 2. d4 d5 3. exd5 exd5 4. Nf3 Nf6 5. Bd3 Bd6 6. O-O O-O 7. Re1 Bg4 8. h3
Bxf3 9. Qxf3 Nbd7 10. Bf4 Bxf4 11. Qxf4 c6 12. Nd2 Qb6 13. Nb3 Rfe8 14. c3 a5
15. Rab1 a4 16. Rxe8+ Rxe8 17. Nd2 Qd8 18. Nf3 h6 19. Re1 Rxe1+ 20. Nxe1 Qb6 21.
Qd2 Ne4 22. Qc2 Nef6 23. Nf3 c5 24. Bf5 Nf8 25. dxc5 Qxc5 26. Qxa4 g6 27. Bc2 b6
28. Qd4 Qd6 29. Bb3 N8d7 30. c4 Nc5 31. Bc2 Ncd7 32. cxd5 Nxd5 33. Bb3 N7f6 34.
Bxd5 Nxd5 35. a3 Qe6 36. Qe5 Qc6 37. Qb8+ Kh7 38. Qe5 Nf6 39. Qc3 Qd6 40. Ne5
Qd1+ 41. Kh2 Qd6 42. Kg1 Ne4 43. Qf3 Qxe5 44. Qxf7+ Qg7 45. Qb3 Qf6 46. Qb5
Qxf2+ 47. Kh2 Qf4+ 48. Kg1 Qf2+ 49. Kh2 Qf6 50. Qd7+ Qg7 51. Qe6 Qc7+ 52. Kg1
Nc5 53. Qc4 Qe7 54. b4 Nd7 55. Qc6 Qe1+ 56. Kh2 Qe5+ 57. Kg1 Qa1+ 58. Kh2 Qe5+
59. Kg1 Qd4+ 60. Kh2 h5 61. Qf3 Ne5 62. Qb7+ Kh6 63. Qe7 Nc4 64. a4 Qe5+ 65.
Qxe5 Nxe5 66. Kg3 Nc6 67. b5 Na5 68. Kf4 Nb7 69. Ke5 Nc5 70. Kd5 Nxa4 71. Kc4
Nb2+ 72. Kd5 Nd1 73. Kc6 Nc3 74. Kxb6 Kg5 75. g3 Kf5 76. Kc5 Nxb5 77. Kxb5 Ke4
78. Kc4 Kf3 79. Kd3 Kxg3 80. Ke3 Kxh3 81. Kf3 g5 {White resigns} 0-1

[Event "Team 45 45 League T69"]
[Site "Internet Chess Club"]
[Date "2016.07.15"]
[Round "6"]
[White "Scorpius"]
[Black "stantheman59"]
[Result "1-0"]
[WhiteElo "1358"]
[BlackElo "1128"]
[Opening "QGD: 4.Nf3"]
[ECO "D37"]
[Time "21:05:36"]
[TimeControl "2700+45"]

1. d4 Nf6 2. c4 d5 3. Nc3 e6 4. Nf3 Bd6 5. Bg5 h6 6. Bxf6 Qxf6 7. cxd5 exd5 8.
Nxd5 Qd8 9. e4 c6 10. Nc3 Be6 11. d5 cxd5 12. Bb5+ Bd7 13. Qxd5 Bc6 14. Bxc6+
bxc6 15. Qd4 O-O 16. O-O Na6 17. Rfd1 Bb4 18. Qc4 Qc8 19. Rac1 Rb8 20. Na4 c5
21. Ne5 Qe6 22. Qxe6 fxe6 23. Nd7 Rbc8 24. Nxf8 Kxf8 25. a3 Ba5 26. b4 Bb6 27.
Nxb6 axb6 28. Rd6 cxb4 29. Rxc8+ Ke7 30. Rxb6 {Black resigns} 1-0

[Event "Team 45 45 League T69"]
[Site "Internet Chess Club"]
[Date "2016.07.14"]
[Round "6"]
[White "fireball"]
[Black "clarinetref"]
[Result "1-0"]
[WhiteElo "1616"]
[BlackElo "1563"]
[Opening "Robatsch (modern) defense"]
[ECO "B06"]
[Time "22:01:28"]
[TimeControl "2700+45"]

1. e4 g6 2. d4 d6 3. Nf3 Bg7 4. Bc4 e6 5. O-O Ne7 6. Bf4 O-O 7. Nc3 a6 8. a4 b6
9. Qd2 Bb7 10. Bh6 d5 11. Bxg7 Kxg7 12. Bd3 dxe4 13. Bxe4 Bxe4 14. Nxe4 Nbc6 15.
b4 Nf5 16. c3 Qe7 17. Qf4 f6 18. g4 e5 19. dxe5 fxe5 20. Qg5 h6 21. Qxe7+ Nfxe7
22. Kg2 Rf4 23. Rfe1 Rxg4+ 24. Ng3 Kf6 25. Rad1 Rc4 26. b5 axb5 27. axb5 Nd8 28.
Nxe5 Rca4 29. Rd3 Ne6 30. Nd7+ Kf7 31. Rf3+ Nf4+ 32. Kf1 Nd5 33. Ne5+ Kg7 34. c4
Nb4 35. Rxf4 Nc2 36. Rd1 Ra1 37. Rxa1 Rxa1+ 38. Kg2 Re1 39. Re4 Rd1 40. Nc6 Kf6
41. Re7 h5 42. Ne4+ Kf5 43. f3 Ne3+ 44. Kf2 Nxc4 45. Rf7+ Ke6 46. Rxc7 Rb1 47.
Nd4+ Kd5 48. Nc3+ Kxd4 49. Nxb1 {Black resigns} 1-0

[Event "Team 45 45 League T69"]
[Site "Internet Chess Club"]
[Date "2016.07.17"]
[Round "6"]
[White "Gilguli"]
[Black "MartyJR"]
[Result "1-0"]
[WhiteElo "1394"]
[BlackElo "1420"]
[Opening "Sicilian defense"]
[ECO "B20"]
[Time "14:33:27"]
[TimeControl "2700+45"]

1. e4 c5 2. a3 Nc6 3. b4 cxb4 4. axb4 Nxb4 5. Ra4 Nc6 6. d4 g6 7. d5 Nb8 8. Qd4
f6 9. Bd2 b6 10. Nc3 Bb7 11. Nf3 Bg7 12. e5 fxe5 13. Qe3 Nf6 14. Bc4 O-O 15. d6+
e6 16. h4 Ng4 17. Bxe6+ dxe6 18. Rxg4 Qxd6 19. h5 Qa3 20. hxg6 Qa1+ 21. Nd1 hxg6
22. Rxg6 Nc6 23. Qh6 e4 24. Bc3 Qxd1+ 25. Kxd1 Rad8+ 26. Kc1 {Black resigns} 1-0

[Event "Team 45 45 League T69"]
[Site "Internet Chess Club"]
[Date "2016.07.14"]
[Round "6"]
[White "Aquaman"]
[Black "Toalla"]
[Result "0-1"]
[WhiteElo "1345"]
[BlackElo "1285"]
[Opening "Réti opening"]
[ECO "A04"]
[Time "18:00:49"]
[TimeControl "2700+45"]

1. Nf3 b6 2. g3 Bb7 3. Bg2 Nf6 4. O-O e6 5. d3 d5 6. Nbd2 Bd6 7. Re1 O-O 8. c3
c5 9. e4 dxe4 10. dxe4 Bc7 11. Qc2 Nbd7 12. h3 Rc8 13. b3 Re8 14. Nf1 Ne5 15.
Nxe5 Bxe5 16. Bg5 h6 17. Rad1 Qe7 18. Bc1 b5 19. Bb2 c4 20. b4 Qc7 21. f4 Qb6+
22. Qf2 Qxf2+ 23. Kxf2 Bb8 24. Nh2 Red8 25. e5 Nd5 26. Nf3 a6 27. Nh4 Ba7+ 28.
Ke2 Rd7 29. Bxd5 Rxd5 30. Rxd5 Bxd5 31. f5 Be4 32. fxe6 Bd3+ 33. Kf3 fxe6 34.
Ng2 Rf8+ 35. Kg4 Kh7 36. Nf4 Bf5+ 37. Kh5 g6+ 38. Nxg6 Bxg6+ 39. Kh4 Rf2 40. Bc1
Rxa2 41. Rd1 Bd3 42. Be3 Bxe3 {White resigns} 0-1

[Event "Team 45 45 League T69"]
[Site "Internet Chess Club"]
[Date "2016.07.17"]
[Round "6"]
[White "WascallyWabbit"]
[Black "Tjet"]
[Result "1/2-1/2"]
[WhiteElo "1500"]
[BlackElo "1412"]
[Opening "Bird's opening"]
[ECO "A03"]
[Time "21:32:08"]
[TimeControl "2700+45"]

1. f4 d5 2. b3 Nf6 3. e3 g6 4. Bb2 Bg7 5. Nf3 O-O 6. Be2 Nc6 7. O-O Re8 8. Ne5
Nxe5 9. Bxe5 Nd7 10. Bxg7 Kxg7 11. Nc3 c6 12. d4 e6 {Game drawn by mutual
agreement} 1/2-1/2

[Event "Team 45 45 League T69"]
[Site "Internet Chess Club"]
[Date "2016.07.14"]
[Round "6"]
[White "dabodhi"]
[Black "jjaillet2007"]
[Result "0-1"]
[WhiteElo "1393"]
[BlackElo "1293"]
[Opening "French: Marshall variation"]
[ECO "C10"]
[Time "20:04:06"]
[TimeControl "2700+45"]

1. e4 e6 2. d4 d5 3. Nc3 c5 4. Nf3 Nc6 5. Bb5 a6 6. Be2 Nf6 7. Bg5 Be7 8. Bxf6
Bxf6 9. dxc5 d4 10. Na4 Qa5+ 11. c3 dxc3 12. Nxc3 Bxc3+ 13. bxc3 Qxc3+ 14. Nd2
Qxc5 15. Rc1 Qa5 16. O-O O-O 17. Bc4 b5 18. Bb3 Bb7 19. Nf3 Rfd8 20. Qe2 Nd4 21.
Nxd4 Rxd4 22. f3 Qb6 23. Kh1 a5 24. h3 a4 25. Bc2 b4 26. Rb1 Ba6 27. Qf2 Bxf1
28. Rxf1 Rd6 29. Qe2 b3 30. axb3 axb3 31. Bd3 Ra2 32. Qe1 Rxd3 33. Qc1 Rc2 34.
Qa3 Rd8 35. Qe7 b2 36. Rd1 Rxd1+ 37. Kh2 Qg1+ 38. Kg3 Qxg2+ 39. Kh4 Rc8 40. Qb7
Rf8 {White resigns} 0-1

[Event "Team 45 45 League T69"]
[Site "Internet Chess Club"]
[Date "2016.07.15"]
[Round "6"]
[White "kingsrook"]
[Black "smsxman"]
[Result "0-1"]
[WhiteElo "1367"]
[BlackElo "1392"]
[Opening "QGD: Marshall defense"]
[ECO "D06"]
[Time "12:00:22"]
[TimeControl "2700+45"]

1. d4 d5 2. c4 Nf6 3. cxd5 Nxd5 4. Nf3 Nc6 5. e4 Nf6 6. Nc3 e6 7. a3 a6 8. Be2
Be7 9. O-O O-O 10. e5 Nd5 11. Qc2 g6 12. Bh6 Re8 13. Rad1 Bf8 14. Bg5 Be7 15.
Bh6 Bf8 16. Bg5 Be7 17. Bh6 Bf8 18. Bg5 Qd7 19. Qd2 Bg7 20. Bh6 Nxc3 21. bxc3 b5
22. Bxg7 Kxg7 23. Qg5 Qe7 24. Qxe7 Nxe7 25. Ra1 c6 26. a4 Bd7 27. axb5 cxb5 28.
Nd2 Bc6 29. Bf3 Rec8 30. Rfc1 Bxf3 31. Nxf3 Nd5 32. Nd2 Nxc3 33. Kf1 a5 34. Nb3
a4 35. Nc5 Nd5 36. Rcb1 Nc3 37. Rc1 Nd5 38. Rcb1 Nc3 39. Rc1 b4 40. Nxa4 Rd8 41.
Nxc3 Rxa1 42. Rxa1 bxc3 43. Rc1 Rxd4 44. Rxc3 g5 45. Re3 h5 46. Ke2 Kg6 47. h3
Rd5 48. g3 Kf5 49. Kf3 Rxe5 50. Rxe5+ Kxe5 51. g4 h4 52. Ke3 Kd5 53. Kd3 f6 54.
f3 e5 55. Ke3 Ke6 56. Ke4 Kf7 57. Kf5 Ke7 58. Ke4 Ke6 59. Kd3 f5 60. Ke3 fxg4
61. fxg4 Kd5 62. Kd3 e4+ 63. Ke3 Ke5 64. Ke2 Kf4 65. Kf2 e3+ 66. Ke2 Ke4 67. Kf1
Kf3 68. Ke1 Kg3 69. Ke2 Kxh3 70. Kxe3 Kxg4 71. Kf2 Kf4 72. Kg2 g4 73. Kh2 Kf3
74. Kh1 Kf2 75. Kh2 g3+ 76. Kh1 g2+ 77. Kh2 g1=Q+ {White resigns} 0-1

[Event "Team 45 45 League T69"]
[Site "Internet Chess Club"]
[Date "2016.07.17"]
[Round "6"]
[White "Electryon"]
[Black "smsxman"]
[Result "0-1"]
[WhiteElo "1440"]
[BlackElo "1411"]
[Opening "Queen's pawn, Mason variation"]
[ECO "D00"]
[Time "10:03:05"]
[TimeControl "2700+45"]

1. d4 d5 2. Bf4 Nf6 3. e3 e6 4. Nf3 Be7 5. h3 Nc6 6. Bd3 Bd7 7. O-O O-O 8. c4
Nb4 9. Be2 a6 10. cxd5 Nbxd5 11. Bh2 Bb5 12. Nc3 Bxe2 13. Nxe2 Bd6 14. Ne5 Nd7
15. Nxd7 Bxh2+ 16. Kxh2 Qxd7 17. a3 b5 18. b4 a5 19. e4 Nf6 20. f3 h6 21. Qd3
Nh7 22. Nc3 c6 23. d5 axb4 24. axb4 Rad8 25. Rfd1 Qd6+ 26. g3 Qxb4 27. Qc2 Qc4
28. Rdc1 exd5 29. exd5 cxd5 30. Qb2 Rb8 31. Ne2 Qd3 32. Rc3 Qg6 33. Nd4 Nf6 34.
Rc6 Rfc8 35. Rxc8+ Rxc8 36. Qxb5 Qg5 37. f4 Qg6 38. Ra6 Qe4 39. Qb2 Rc4 40. Qb8+
Kh7 41. Nc6 Qe2+ {White resigns} 0-1

[Event "Team 45 45 League T69"]
[Site "Internet Chess Club"]
[Date "2016.07.17"]
[Round "6"]
[White "Toalla"]
[Black "Aquaman"]
[Result "0-1"]
[WhiteElo "1267"]
[BlackElo "1358"]
[Opening "Kevitz-Trajkovich defense"]
[ECO "A50"]
[Time "16:04:31"]
[TimeControl "2700+45"]

1. d4 Nf6 2. c4 Nc6 3. Nf3 e6 4. Bf4 Be7 5. e3 O-O 6. Nc3 Nh5 7. Bg3 Nf6 8. Be2
a6 9. O-O Nh5 10. a3 Nxg3 11. fxg3 d6 12. d5 exd5 13. Nxd5 Re8 14. Nxe7+ Rxe7
15. Ng5 Ne5 16. Qc2 g6 17. Rf6 Be6 18. Nxe6 Rxe6 19. Rxe6 fxe6 20. Rf1 Qe7 21.
e4 Kg7 22. b4 b6 23. Qc3 Kg8 24. Qe3 Qg7 25. Qd2 Qe7 26. Qh6 Qg7 27. Qh3 Qe7 28.
Qh6 Nf7 29. Qe3 c5 30. h3 Ne5 31. Kh1 Rf8 32. Rxf8+ Qxf8 33. Qf4 Qe7 34. Qe3 Nc6
35. bxc5 bxc5 36. Bd3 Qf6 37. Bc2 Qa1+ 38. Kh2 Qd4 39. Qe2 Ne5 40. Bb3 Qd3 41.
Qxd3 Nxd3 42. Ba4 Kf7 43. Bc6 Ne5 44. Bb7 Nxc4 45. Bxa6 Nxa3 46. g4 c4 47. Kg3
c3 48. Kf3 c2 {White resigns} 0-1

[Event "Team 45 45 League T69"]
[Site "Internet Chess Club"]
[Date "2016.07.19"]
[Round "6"]
[White "GiantsFan"]
[Black "tasawyer81"]
[Result "0-1"]
[WhiteElo "1126"]
[BlackElo "1109"]
[Opening "QGD: Ragozin variation"]
[ECO "D38"]
[Time "18:02:08"]
[TimeControl "2700+45"]

1. d4 d5 2. c4 e6 3. Nc3 Bb4 4. Nf3 Nf6 5. Bg5 Nbd7 6. Ne5 h6 7. Bh4 O-O 8. a3
Bd6 9. cxd5 Nxe5 10. dxe5 Bxe5 11. Bxf6 Qxf6 12. Qb3 Bxc3+ 13. bxc3 exd5 14. Rd1
Be6 15. Rd3 Rab8 16. g3 d4 17. Qb4 Rfd8 18. cxd4 Bd5 19. f4 Bxh1 20. Qc5 c6 21.
Qxa7 b6 22. e3 Be4 23. Rb3 b5 24. a4 Ra8 25. Qb7 Rxa4 26. Bd3 Ra1+ 27. Kd2 Ra2+
28. Ke1 Bxd3 29. Rxd3 c5 30. Qxb5 cxd4 31. exd4 Rxd4 32. Qe8+ Kh7 33. Rxd4 Qxd4
34. Qe2 Rxe2+ 35. Kxe2 g5 36. fxg5 hxg5 37. Kf3 Kg6 38. Kg2 f5 39. Kh3 Qg4+ 40.
Kg2 f4 41. Kf2 Kf5 42. Kg2 f3+ 43. Kf2 Qh3 44. Kxf3 Qg4+ 45. Kg2 Qe4+ 46. Kh3
g4+ 47. Kh4 Qg2 48. Kh5 Qxh2# {White checkmated} 0-1

[Event "Team 45 45 League T69"]
[Site "Internet Chess Club"]
[Date "2016.07.17"]
[Round "6"]
[White "WzeroMN"]
[Black "artspir"]
[Result "1-0"]
[WhiteElo "1132"]
[BlackElo "1147"]
[Opening "Caro-Kann: advance variation"]
[ECO "B12"]
[Time "15:00:36"]
[TimeControl "2700+45"]

1. e4 c6 2. d4 d5 3. e5 Bf5 4. Nf3 e6 5. h3 h6 6. Bd3 Bxd3 7. Qxd3 Nd7 8. O-O
Ne7 9. Bf4 Ng6 10. Bg3 Be7 11. Nbd2 O-O 12. c3 c5 13. b3 cxd4 14. cxd4 Ba3 15.
Qb5 Nb6 16. Qa5 Qe7 17. Qc3 Rfc8 18. Qe3 a5 19. Rad1 a4 20. Nb1 Bb4 21. bxa4
Nxa4 22. a3 Ba5 23. Rc1 Nb2 24. Rxc8+ Rxc8 25. Rc1 Nc4 26. Qb3 Qd7 27. Nfd2 h5
28. Nxc4 dxc4 29. Rxc4 h4 30. Rxc8+ Qxc8 31. Nd2 Bxd2 32. Qd1 Qc3 33. Bh2 Qxd4
34. Qf1 Nf4 35. Bxf4 Be3 36. Bxe3 Qxe5 37. Qe1 f5 38. Bd2 Qd5 39. Bf4 Kh7 40.
Qd2 Qc6 41. Qe2 Kg6 42. Qf3 Qd7 43. Qe3 Kf6 44. Be5+ Kg6 45. Bf4 Kh5 46. Qf3+
Kg6 47. Be5 Kg5 48. Bf4+ Kf6 49. Qe3 Kg6 50. Bg5 Qd1+ 51. Kh2 Qd6+ 52. Bf4 Qd7
53. Bg5 Qd6+ 54. Bf4 Qd7 55. Bg5 Qd6+ 56. Bf4 Qd7 57. Be5 Qf7 58. Bf4 Kh5 59.
Qf3+ Kg6 60. g3 hxg3+ 61. Qxg3+ Kh7 62. Qh4+ Kg8 63. Qg3 Qf6 64. Be5 f4 65. Bxf6
fxg3+ 66. fxg3 Kf7 67. Bd4 Kg6 68. g4 Kf7 69. Kg3 g6 70. h4 Kg8 71. Kf4 Kh7 72.
Ke5 Kh6 73. Be3+ Kg7 74. Kxe6 b5 75. Kd5 Kf6 76. Kc5 Ke6 77. Kxb5 Ke5 78. Bg5
Ke4 79. a4 Kf3 80. a5 Kxg4 81. a6 {Black resigns} 1-0

[Event "Team 45 45 League T69"]
[Site "Internet Chess Club"]
[Date "2016.07.13"]
[Round "6"]
[White "mongmong"]
[Black "karthikkallam"]
[Result "1-0"]
[WhiteElo "1482"]
[BlackElo "1380"]
[Opening "Queen's pawn game"]
[ECO "D02"]
[Time "18:11:56"]
[TimeControl "2700+45"]

1. d4 d5 2. Nf3 Bf5 3. c4 e6 4. e3 Nf6 5. Qb3 b6 6. Nc3 c5 7. cxd5 exd5 8. Bb5+
Bd7 9. Ne5 c4 10. Qa4 a6 11. Bxd7+ Nbxd7 12. Qc6 b5 13. Nxd5 Nxd5 14. Qxd5 Bb4+
15. Kf1 Nxe5 16. Qxe5+ Kf8 17. g3 Qb6 18. a3 Bd6 19. Qe4 Re8 20. Qf3 g6 21. Kg2
Re6 22. Bd2 Kg7 23. Rhd1 Rf6 24. Qe2 Qb7+ 25. Kg1 Re8 26. Bc3 Rfe6 27. Qf1 R6e7
28. Qg2 Qc7 29. Re1 a5 30. d5+ Kg8 31. Bd4 Be5 32. Bxe5 Rxe5 33. Re2 Rd8 34. e4
Rdxd5 35. f4 Qc5+ 36. Kh1 Qe7 37. fxe5 Rd3 38. Qf2 Qxe5 39. Qb6 Rd4 40. Rae1 Rd3
41. Qxa5 Qf6 42. Qxb5 Qf3+ 43. Kg1 h5 44. Qb8+ Kg7 45. Qe5+ Kg8 46. Qf4 {Black
resigns} 1-0

[Event "Team 45 45 League T69"]
[Site "Internet Chess Club"]
[Date "2016.07.17"]
[Round "6"]
[White "KnightmanAJ"]
[Black "Kandor"]
[Result "0-1"]
[WhiteElo "1319"]
[BlackElo "1272"]
[Opening "Two knights defense"]
[ECO "C58"]
[Time "19:00:19"]
[TimeControl "2700+45"]

1. e4 e5 2. Nf3 Nc6 3. Bc4 Nf6 4. Ng5 d5 5. exd5 Na5 6. Bb5+ c6 7. dxc6 bxc6 8.
Bd3 h6 9. Ne4 Nb7 10. O-O Be6 11. f4 Nxe4 12. Bxe4 Bc5+ 13. Kh1 Bd5 14. Bxd5
Qxd5 15. fxe5 O-O 16. Qe2 Rae8 17. Re1 Bd4 18. c3 Rxe5 19. Qd1 Rfe8 20. Rxe5
Bxe5 21. d4 Bxd4 22. cxd4 Qe4 23. h3 Qe1+ 24. Qxe1 Rxe1+ 25. Kh2 Rxc1 26. Kg3 f5
27. Kf3 Nd6 28. g4 g5 29. gxf5 Nxf5 30. Ke4 Nd6+ 31. Kd3 h5 32. Kd2 Rg1 33. Kc2
g4 34. hxg4 hxg4 35. a4 g3 36. Ra3 Ne4 37. Nd2 g2 {White resigns} 0-1

[Event "Team 45 45 League T69"]
[Site "Internet Chess Club"]
[Date "2016.07.15"]
[Round "6"]
[White "chips"]
[Black "princevultan2"]
[Result "0-1"]
[WhiteElo "1190"]
[BlackElo "1250"]
[Opening "Polish (Sokolsky) opening"]
[ECO "A00"]
[Time "10:07:54"]
[TimeControl "2700+45"]

1. b4 e5 2. Bb2 d6 3. e4 Nf6 4. d3 Be6 5. Nf3 Nbd7 6. a3 Be7 7. Be2 O-O 8. O-O
d5 9. Bxe5 Nxe5 10. Nxe5 dxe4 11. dxe4 Nxe4 12. Qxd8 Raxd8 13. Bd3 Bf6 14. f4
Bd5 15. c4 Bc6 16. b5 Bxe5 17. fxe5 Rxd3 18. bxc6 bxc6 19. Rf3 Rfd8 20. a4 Rd1+
21. Rf1 Rxf1+ 22. Kxf1 Kf8 23. Ke2 Ke7 24. Ke3 Nc5 25. Ra3 Ke6 26. Nd2 Rb8 27.
Nf3 h6 28. Nd4+ Kd7 29. Nf5 g6 30. Nxh6 Rh8 31. Nxf7 Rxh2 32. Ra2 Rh5 33. Kd4
Ne6+ 34. Kd3 Rh7 35. Rf2 Ke7 36. c5 Rxf7 37. Rxf7+ Kxf7 38. Kc4 Ke7 39. g3 Kd7
40. g4 Ng5 41. Kd4 Ke6 42. a5 a6 {White resigns} 0-1